 Dungeon Crawl Stone Soup version 0.30-a0-373-gd37427bb62 (webtiles) character file.

Game seed: 15775385497055804681

97304 purpskrrrp the Executioner (level 16, -3/161 HPs)
             Began as a Hill Orc Monk on Nov 24, 2022.
             Was the Champion of Beogh.
             Slain by a white very ugly thing (17 damage)
             ... in an ice cave on Nov 25, 2022.
             The game lasted 00:59:42 (25167 turns).

purpskrrrp the Executioner (Hill Orc Monk)         Turns: 25167, Time: 00:59:42

Health: -3/161     AC: 24    Str: 19    XL:     16   Next: 19%
Magic:  30/30      EV: 12    Int: 13    God:    Beogh [******]
Gold:   443        SH:  0    Dex: 21    Spells: 15/15 levels left

rFire   + . .      SeeInvis .    j - +4 executioner's axe
rCold   + + .      Faith    .    (shield currently unavailable)
rNeg    + + .      Spirit   .    l - +7 ring mail "Xeenososk" {rPois Slay+3}
rPois   +          Reflect  .    p - +2 helmet of Xyss {*Corrode rN+ Will++ Dex+2}
rElec   .          Harm     .    g - +0 cloak "Ledgh" {rCorr Dex+4}
rCorr   +          Rampage  .    c - +0 pair of gloves of the Unbroken {rF+ rN+ Int-4 Stlth+}
Will    +++..                    q - +1 pair of boots
Stlth   +.........               h - amulet of the acrobat
HPRegen 0.46/turn                G - ring of protection from cold
MPRegen 0.22/turn                y - ring of protection from cold

@: confused, ambrosia-drunk, hasted, very quick
A: walk on water, agile 1, clever 2, robust 1
a: Renounce Religion, Smiting, Recall Orcish Followers, Give Item to Named
Follower, Resurrection


You were in an ice cave.
You worshipped Beogh.
Beogh was exalted by your worship.
You visited 5 branches of the dungeon, and saw 24 of its levels.
You also visited: Ice Cave.

You collected 2860 gold pieces.
You spent 2417 gold pieces at shops.

Inventory:

Hand Weapons
 j - a +4 executioner's axe (weapon)
 s - a +3 war axe of flaming
 Z - a +1 battleaxe of flaming
Missiles
 v - 3 throwing nets
Armour
 c - the +0 pair of gloves of the Unbroken (worn) {rF+ rN+ Int-4 Stlth+}
   (You bought it in a shop on level 3 of the Dungeon)

   Int:       It affects your intelligence (-4).
   rF:        It protects you from fire.
   rN:        It protects you from negative energy.
   Stlth:     It makes you more stealthy.
 g - the +0 cloak "Ledgh" (worn) {rCorr Dex+4}
   (You acquired it on level 4 of the Dungeon)

   Dex:       It affects your dexterity (+4).
   rCorr:     It protects you from acid and corrosion.
 l - the +7 ring mail "Xeenososk" (worn) {rPois Slay+3}
   (You bought it in a shop on level 9 of the Dungeon)

   Slay:      It affects your accuracy & damage with ranged weapons and melee
   (+3).
   rPois:     It protects you from poison.
 p - the +2 helmet of Xyss (worn) {*Corrode rN+ Will++ Dex+2}
   (You bought it in a shop on level 2 of the Orcish Mines)

   Dex:       It affects your dexterity (+2).
   rN:        It protects you from negative energy.
   *Corrode:  It may corrode you when you take damage.
   Will:      It greatly increases your willpower.
 q - a +1 pair of boots (worn)
Jewellery
 e - the ring "Ojaog" {rCorr Int-3 Dex+6 Slay+4}
   (You bought it in a shop on level 6 of the Dungeon)

   [ring of dexterity]

   Int:       It affects your intelligence (-3).
   Dex:       It affects your dexterity (+6).
   Slay:      It affects your accuracy & damage with ranged weapons and melee
   (+4).
   rCorr:     It protects you from acid and corrosion.
 h - an amulet of the acrobat (around neck)
 o - a ring of willpower
 r - a ring of poison resistance
 y - a ring of protection from cold (right hand)
 G - a ring of protection from cold (left hand)
 K - a +4 ring of slaying
 U - a +6 ring of strength
 V - a ring of fire
 Y - a +6 ring of strength
Wands
 w - a wand of light (20)
 E - a wand of roots (11)
 F - a wand of paralysis (8)
 O - a wand of flame (12)
 P - a wand of polymorph (5)
Scrolls
 d - a scroll of blinking
 f - 2 scrolls of poison
 k - 17 scrolls of teleportation
 n - 3 scrolls of magic mapping
 u - 5 scrolls of fog
 D - a scroll of identify
 R - 2 scrolls of fear
Potions
 b - a potion of invisibility
 i - 12 potions of curing
 z - 3 potions of flight
 B - 5 potions of ambrosia
 C - 2 potions of lignification
 I - 2 potions of haste
 L - a potion of cancellation
 X - a potion of might
Miscellaneous
 S - a phantom mirror


   Skills:
 + Level 14.7 Fighting
 * Level 21.7 Axes
 + Level 13.2 Armour
 - Level 2.4 Dodging
 - Level 1.5 Stealth
 * Level 20.0 Invocations


You had 15 spell levels left.
You didn't know any spells.
Your spell library contained the following spells:

 Spells                   Type           Power      Damage    Failure   Level
 Kiss of Death            Conj/Necr      0%         2d5       41%         1
 Magic Dart               Conj           0%         1d3       41%         1
 Summon Small Mammal      Summ           0%         N/A       41%         1
 Blink                    Tloc           0%         N/A       56%         2
 Call Imp                 Summ           0%         N/A       56%         2
 Cigotuvi's Dreadful Rot  Necr/Pois/Air  0%         N/A       56%         2
 Ensorcelled Hibernation  Hex/Ice        0%         N/A       56%         2
 Momentum Strike          Conj/Tloc      0%         3d8       56%         2
 Passwall                 Tmut/Erth      0%         N/A       56%         2
 Poisonous Vapours        Pois/Air       0%         N/A       56%         2
 Scorch                   Fire           0%         2d5       56%         2
 Searing Ray              Conj           0%         2d4       56%         2
 Sublimation of Blood     Necr           0%         N/A       56%         2
 Wereblood                Tmut           0%         N/A       56%         2
 Call Canine Familiar     Summ           0%         N/A       80%         3
 Confusing Touch          Hex            0%         N/A       80%         3
 Hailstorm                Conj/Ice       0%         3d3       80%         3
 Lesser Beckoning         Tloc           0%         N/A       80%         3
 Mephitic Cloud           Conj/Pois/Air  0%         N/A       80%         3
 Ozocubu's Armour         Ice            0%         N/A       80%         3
 Summon Guardian Golem    Hex/Summ       0%         N/A       80%         3
 Animate Armour           Summ/Erth      0%         N/A       99%         4
 Dispel Undead            Necr           0%         3d6       99%         4
 Flame Wave               Conj/Fire      0%         2d4       99%         4
 Fulminant Prism          Conj/Hex       0%         3d5       99%         4
 Manifold Assault         Tloc           0%         N/A       99%         4
 Metabolic Englaciation   Hex/Ice        0%         N/A       100%        5
 Dispersal                Tloc           0%         N/A       100%        6
 Iron Shot                Conj/Erth      0%         9d1       100%        6
 Simulacrum               Ice/Necr       0%         N/A       100%        6
 Summon Cactus Giant      Summ           0%         N/A       100%        6
 Summon Hydra             Summ           0%         N/A       100%        7
 Disjunction              Tloc           0%         N/A       100%        8


Dungeon Overview and Level Annotations

Branches:
Dungeon (15/15)            Temple (1/1) D:7            Lair (5/5) D:9
  Swamp (1/4) Lair:3        Snake (0/4) Lair:3        Slime (0/5) Lair:4
    Orc (2/2) D:9             Elf (0/3) Orc:2        Vaults (0/5) D:14
 Depths (0/4) D:15          IceCv (1/1)

Altars:
Ashenzari
Cheibriados
Dithmenos
Elyvilon
Fedhas
Gozag
Hepliaklqana
Kikubaaqudgha
Makhleb
Nemelex Xobeh
Okawaru
Qazlal
Ru
Sif Muna
Trog
Uskayaw
Vehumet
Wu Jian
Xom
Yredelemnul
Zin
The Shining One
Beogh
Jiyva

Shops:
D:3 [   D:6 =   D:9 ([   D:10 (   D:12 [   D:13 [   Orc:1 *   Orc:2 =:[(![*=

Annotations:
D:12 3 runed translucent doors, kairosrom117's ghost, journeyman DrFE
Lair:4 1 runed translucent door


Innate Abilities, Weirdness & Mutations

You can walk on water.
You are agile. (Dex +4, Str/Int -1)
Your mind is very acute. (Int +8, Str/Dex -2)
You are robust. (+10% HP)


Message History

The white very ugly thing is engulfed in freezing vapours.
You slice the golden dragon simulacrum!!
The golden dragon simulacrum vaporises!
Beogh accepts your kill.
You hit the alligator simulacrum. Beogh blesses you with reinforcements.
A caustic shrike simulacrum comes into view.
An anaconda simulacrum comes into view.
The alligator simulacrum bites you but does no damage.
The alligator simulacrum tail-slaps you but does no damage.
You swap places.
The white very ugly thing is engulfed in freezing vapours.
The white very ugly thing trunk-slaps your orc wizard!
The white very ugly thing freezes your orc wizard!!
Your orc wizard dies!
Your orc is engulfed in freezing vapours.
Your orc dies!
Your orc wizard hits the white very ugly thing with a +2 dagger of venom.
The white very ugly thing is poisoned.
Your orc is engulfed in freezing vapours.
Your orc dies!
Your orc hits the alligator simulacrum with a +0 club.
The alligator simulacrum vaporises!
Beogh accepts your kill.
Your orc looks more experienced.
Your orc wizard mumbles some strange words.
Your orc wizard flickers and vanishes for a moment.
The white very ugly thing is engulfed in freezing vapours.
Your orc wizard hits the white very ugly thing but does no damage.
The white very ugly thing looks as sick as possible!
Your orc wizard hits the white very ugly thing with a +0 dagger.
You are confused.
You feel invigorated.
The caustic shrike simulacrum claws your orc wizard!
Your orc wizard dies!
The white very ugly thing is engulfed in freezing vapours.
The white very ugly thing trunk-slaps you!
* * * LOW HITPOINT WARNING * * *
The white very ugly thing freezes you! You resist.
You die...

###...
#......
##.......
##........
#.......8.
#.○o......
#∩∩......(
#)uoZ.....
#.@)Z...8.
##........
##.......
#......
###... ###


You could see a white very ugly thing (extremely poisoned, ally target), an
anaconda simulacrum, a caustic shrike simulacrum, a friendly orc wizard and a
friendly orc.

Vanquished Creatures
  Rupert (Orc:2)
  4 dire elephants (Lair:5)
  The ghost of Faocaxoob the Severer, a journeyman MiBe of Trog (Lair:2)
  An entropy weaver (shapeshifter) (D:14)
  3 vault guards (D:14)
  7 hydras
  5 centaur warriors
  A caustic shrike simulacrum (IceCv)
  5 two-headed ogres
  5 death yaks
  A boulder beetle (Lair:5)
  A tengu warrior (D:13)
  2 spectral dire elephants (Lair:5)
  A spectral death yak (Lair:5)
  A spectral anaconda (Lair:5)
  A goliath frog (Swamp:1)
  4 skeletal warriors (D:15)
  A spriggan druid (Swamp:1)
  3 necromancers
  An obsidian statue (Lair:5)
  A deep elf pyromancer (D:15)
  2 orc sorcerers (D:14)
  A manticore (D:12)
  7 orc knights
  15 ugly things
  A salamander (shapeshifter) (D:13)
  A will-o-the-wisp (Swamp:1)
  A moth of wrath (Lair:2)
  6 cyclopes
  4 black mambas
  18 elephants
  2 naga magi (D:15)
  3 molten gargoyles
  A centaur zombie (D:15)
  3 gargoyles
  4 rime drakes
  10 cane toads
  A kobold demonologist (D:12)
  9 komodo dragons
  A yaktaur (D:14)
  A golden dragon simulacrum (IceCv)
  5 trolls
  3 hornets
  10 blink frogs
  6 slime creatures
  9 saltlings (Orc:2)
  A spectral elephant (Lair:5)
  3 dream sheep (Lair:4)
  A centaur simulacrum (D:15)
  2 water elementals (D:11)
  2 spriggans (Lair:3)
  A vampire (D:11)
  3 wyverns
  5 wraiths
  A culicivora (shapeshifter) (D:15)
  A shadow (D:13)
  2 dire elephant simulacra (IceCv)
  3 basilisks
  2 steam dragons
  40 yaks
  A fire elemental (D:14)
  A death yak simulacrum (Lair:5)
  Edmund (D:5)
  3 wargs
  A harpy simulacrum (IceCv)
  8 vampire mosquitoes
  4 spectral cane toads (Lair:5)
  4 nagas (Lair:3)
  A swamp worm (Lair:3)
  2 acid dragons
  7 water moccasins
  5 orc warriors
  2 hornet zombies (D:15)
  An elephant zombie (Lair:5)
  4 sky beasts
  An ice beast (D:5)
  4 ogres
  4 wolves (Lair:1)
  16 centaurs
  An elephant skeleton (Lair:5)
  3 phantoms
  6 kobold brigands
  10 bullfrogs
  2 necrophages
  3 gnoll sergeants
  A scorpion (D:6)
  3 wights (D:6)
  An elephant simulacrum (Lair:5)
  5 howler monkeys
  5 electric eels (D:11)
  A lava snake (D:14)
  3 hounds
  4 orc priests
  2 jellies
  Crazy Yiuf (D:6)
  2 gnoll boudas
  A boggart zombie (D:15)
  2 iguanas
  4 orc wizards
  8 hell rats
  24 gnolls
  4 adders
  An ufetubus (D:6)
  5 dart slugs
  16 orcs
  2 ball pythons
  8 endoplasms
  A giant cockroach (D:1)
  7 goblins
  8 hobgoblins
  5 jackals
  5 quokkas
  7 bats
  35 kobolds
  5 rats
  4 pillars of salt (Orc:2)
  A withered plant (Lair:5)
517 creatures vanquished.

Vanquished Creatures (collateral kills)
  An ettin (Orc:2)
  Josephine (Orc:2)
  2 hydras
  A vault guard (D:14)
  A two-headed ogre (Orc:2)
  3 centaur warriors
  A boulder beetle (Lair:5)
  Sonja (Lair:3)
  A skeletal warrior (D:15)
  2 wizards
  An orc knight (Orc:2)
  A necromancer (Lair:5)
  5 ugly things
  An elephant (Lair:3)
  A naga mage (D:15)
  A black mamba (Lair:4)
  2 gargoyles (D:14)
  A torpor snail (Lair:5)
  A centaur skeleton (D:15)
  A cane toad (Lair:5)
  4 rime drakes (Lair:5)
  A komodo dragon (Lair:5)
  A freezing wraith (D:15)
  A tengu conjurer (D:15)
  A polar bear (Lair:3)
  2 saltlings (Orc:2)
  7 blink frogs
  2 dream sheep (Lair:4)
  2 spriggans
  3 basilisks
  20 yaks
  A wraith (Orc:2)
  A spectral cane toad (Lair:5)
  2 swamp worms (Lair:3)
  3 wargs (Orc:2)
  2 water moccasins
  An alligator simulacrum (IceCv)
  4 orc warriors
  An ogre (Orc:2)
  2 wolves (Lair:1)
  A centaur (D:13)
  3 elephant skeletons (Lair:5)
  3 bullfrogs
  A hound (D:4)
  2 orc priests (Orc:1)
  6 orc wizards
  6 hell rats
  9 orcs
  A kobold (D:10)
  A pillar of salt (Orc:2)
123 creatures vanquished.

Vanquished Creatures (others)
  2 orc knights
  An orc high priest (Orc:2)
  7 orc warriors
  3 orc priests
  4 orc wizards
  A gnoll (D:8)
  21 orcs
  2 hobgoblins (D:4)
  A fire vortex (Lair:5)
  8 foxfires (Swamp:1)
  10 fungi
  102 plants
  26 withered plants (Lair:5)
188 creatures vanquished.

Grand Total: 828 creatures vanquished

Notes
Turn   | Place    | Note
-------+----------+-------------------------------------------
     0 | D:1      | purpskrrrp the Hill Orc Monk began the quest for the Orb.
     0 | D:1      | Reached XP level 1. HP: 19/19 MP: 1/1
   172 | D:1      | Reached XP level 2. HP: 26/27 MP: 2/2
   316 | D:1      | Reached skill level 1 in Armour
   586 | D:1      | Reached XP level 3. HP: 31/33 MP: 3/3
   863 | D:2      | Found a faded altar of an unknown god.
   944 | D:2      | Reached skill level 5 in Axes
   994 | D:2      | Got the Teachings on the Petrified Snowflakes
  1592 | D:3      | Found Cocemipp's Antique Armour Shoppe.
  1733 | D:3      | Reached XP level 4. HP: 38/40 MP: 4/4
  1825 | D:3      | Found a radiant altar of Vehumet.
  2065 | D:4      | Identified a scroll of acquirement
  2065 | D:4      | Acquired the +0 cloak "Ledgh" {rCorr Dex+4}
  2149 | D:4      | Reached skill level 6 in Axes
  2149 | D:4      | Reached XP level 5. HP: 36/47 MP: 5/5
  2219 | D:4      | Became a worshipper of Beogh the Brigand
  2219 | D:4      | Reached * piety under Beogh
  2219 | D:4      | Reached ** piety under Beogh
  2236 | D:4      | Noticed a phantom
  2263 | D:4      | Reached skill level 5 in Fighting
  2263 | D:4      | Reached XP level 6. HP: 50/56 MP: 6/6
  2271 | D:4      | Reached skill level 7 in Axes
  2763 | D:3      | Bought a pair of dazzling gloves for 209 gold pieces
  2763 | D:3      | Identified the +0 pair of gloves of the Unbroken {rF+ rN+
                  | Int-4 Stlth+} (You bought it in a shop on level 3 of the
                  | Dungeon)
  2794 | D:5      | Entered Level 5 of the Dungeon
  2926 | D:5      | Reached XP level 7. HP: 59/61 MP: 7/7
  3103 | D:5      | Reached skill level 8 in Axes
  3235 | D:5      | Noticed Edmund
  3246 | D:5      | Killed Edmund
  3546 | D:5      | Reached skill level 9 in Axes
  3546 | D:5      | Reached XP level 8. HP: 62/71 MP: 8/8
  3614 | D:5      | Found a sparkling altar of Nemelex Xobeh.
  3614 | D:5      | Found a burning altar of Makhleb.
  3622 | D:5      | Found a faded altar of an unknown god.
  3624 | D:5      | Found a stormy altar of Qazlal.
  3626 | D:5      | Found a faded altar of an unknown god.
  3846 | D:6      | Reached skill level 1 in Invocations
  3889 | D:6      | Found Noem's Jewellery Shop.
  4066 | D:6      | Reached skill level 5 in Armour
  4244 | D:6      | Reached skill level 10 in Axes
  4732 | D:6      | Found a runed translucent door.
  4733 | D:6      | Noticed Crazy Yiuf
  4887 | D:6      | Killed Crazy Yiuf
  4888 | D:6      | Reached XP level 9. HP: 56/79 MP: 8/12
  5093 | D:7      | Reached skill level 5 in Invocations
  5306 | D:7      | Reached *** piety under Beogh
  5512 | D:7      | Found a staircase to the Ecumenical Temple.
  5540 | D:7      | Noticed a troll
  5540 | D:7      | Found the +1 robe of Vines {NoPotionHeal Regen++++}
  5540 | D:7      | Noticed a troll
  5544 | D:7      | Killed a troll
  5545 | D:7      | Reached skill level 11 in Axes
  5549 | D:7      | Killed a troll
  5551 | D:7      | Noticed a seven-headed hydra
  5568 | Temple   | Entered the Ecumenical Temple
  5835 | Temple   | Gained mutation: You have hidden genetic potential. [potion
                  | of mutation]
  5835 | Temple   | Gained mutation: Your mind is acute. (Int +4, Str/Dex -1)
                  | [potion of mutation]
  5835 | Temple   | Gained mutation: Your mind is very acute. (Int +8, Str/Dex
                  | -2) [potion of mutation]
  5853 | Temple   | Killed a seven-headed hydra
  6311 | D:8      | Reached skill level 12 in Axes
  6406 | D:8      | Reached XP level 10. HP: 85/88 MP: 15/15
  7004 | D:9      | Gained mutation: You are robust. (+10% HP) [hidden
                  | potential]
  7032 | D:9      | Noticed a death yak
  7036 | D:9      | Noticed a death yak
  7037 | D:9      | Noticed a death yak
  7041 | D:9      | Found a staircase to the Lair.
  7060 | D:9      | Killed a death yak
  7061 | D:9      | Reached skill level 13 in Axes
  7064 | D:9      | Killed a death yak
  7066 | D:9      | Killed a death yak
  7067 | D:9      | Reached skill level 10 in Invocations
  7067 | D:9      | Reached XP level 11. HP: 41/106 MP: 18/18
  7542 | D:9      | Found Avuiv's Weapon Shop.
  7542 | D:9      | Found a staircase to the Orcish Mines.
  7544 | D:9      | Found Waror's Armour Shop.
  8325 | D:10     | Entered Level 10 of the Dungeon
  8447 | D:10     | Reached skill level 14 in Axes
  8472 | D:10     | Gained mutation: You are agile. (Dex +4, Str/Int -1)
                  | [hidden potential]
  8472 | D:10     | Lost mutation: You have hidden genetic potential. [hidden
                  | potential expressed]
  8677 | D:10     | Found Cowutrio's Weapon Emporium.
  9088 | D:11     | Paralysed by a hornet for 1 turns
  9094 | D:11     | HP: 4/108 [hornet (8)]
  9125 | D:10     | Acquired 786 gold pieces
  9148 | D:9      | Bought the +7 ring mail "Xeenososk" {rPois Slay+3} for 879
                  | gold pieces
 10117 | D:12     | Noticed a manticore
 10125 | D:12     | Killed a manticore
 10247 | D:12     | Noticed a cyclops
 10248 | D:12     | Noticed a purple ugly thing
 10254 | D:12     | Killed a cyclops
 10255 | D:12     | Reached skill level 10 in Fighting
 10264 | D:12     | Killed a purple ugly thing
 10602 | D:12     | Noticed a green ugly thing
 10611 | D:12     | Killed a green ugly thing
 10652 | D:12     | Found a runed translucent gate.
 10652 | D:12     | Found a runed translucent gate.
 10652 | D:12     | Found a runed translucent gate.
 10653 | D:12     | Noticed an acid blob
 10653 | D:12     | Noticed an acid blob
 10653 | D:12     | Noticed an acid blob
 10654 | D:12     | Noticed an acid blob
 10654 | D:12     | Noticed an acid blob
 10655 | D:12     | Noticed an azure jelly
 10655 | D:12     | Noticed a glowing orange brain
 10655 | D:12     | Noticed kairosrom117's ghost (journeyman DrFE)
 10655 | D:12     | Noticed an azure jelly
 10658 | D:12     | Noticed a quicksilver ooze
 10659 | D:12     | Noticed an azure jelly
 10662 | D:12     | Found a viscous altar of Jiyva.
 10732 | D:12     | Noticed a two-headed ogre
 10737 | D:12     | Killed a two-headed ogre
 10738 | D:12     | Reached skill level 15 in Axes
 10943 | D:12     | Found Baizehiv's Armour Emporium.
 11467 | D:13     | Reached XP level 12. HP: 108/117 MP: 21/21
 11561 | D:13     | Noticed a centaur warrior
 11561 | D:13     | Noticed a centaur warrior
 11565 | D:13     | Reached **** piety under Beogh
 11566 | D:13     | Killed a centaur warrior
 11569 | D:13     | Killed a centaur warrior
 11575 | D:13     | Gained Boderik as an ally
 11587 | D:13     | Killed a seven-headed hydra
 11807 | D:13     | Noticed a two-headed ogre
 11816 | D:13     | Killed a two-headed ogre
 11871 | D:13     | Found Dauder's Antique Armour Emporium.
 11953 | D:13     | Noticed a centaur warrior
 11953 | D:13     | Noticed a centaur warrior
 11960 | D:13     | Killed a centaur warrior
 11962 | D:13     | Killed a centaur warrior
 11963 | D:13     | Reached skill level 16 in Axes
 12303 | D:13     | Noticed a tengu warrior
 12314 | D:13     | Killed a tengu warrior
 12329 | D:13     | Noticed a five-headed hydra
 12335 | D:13     | Killed a two-headed hydra
 12798 | D:14     | Noticed a centaur warrior
 12805 | D:14     | Killed a centaur warrior
 12905 | D:14     | Reached skill level 10 in Armour
 12907 | D:14     | Reached XP level 13. HP: 85/127 MP: 23/23
 12910 | D:14     | Reached skill level 17 in Axes
 13327 | D:14     | Noticed a vault guard
 13487 | D:14     | Your ally Boderik died
 13538 | D:14     | a culicivora changed into an entropy weaver
 13538 | D:14     | Noticed an entropy weaver (shapeshifter)
 13543 | D:14     | Killed an entropy weaver
 13680 | D:14     | Reached skill level 15 in Invocations
 14063 | D:14     | Noticed a vault guard
 14200 | D:14     | Killed a vault guard
 14304 | D:14     | Killed a vault guard
 14336 | D:14     | Found a gate to the Vaults.
 14337 | D:14     | Noticed a vault guard
 14337 | D:14     | Noticed a vault guard
 14339 | D:14     | Killed a vault guard
 14352 | D:14     | Killed a vault guard
 14794 | D:14     | Reached skill level 18 in Axes
 15030 | D:15     | Entered Level 15 of the Dungeon
 15236 | D:15     | Gained Argrim as an ally
 15701 | D:15     | Reached XP level 14. HP: 139/139 MP: 26/26
 15830 | D:15     | Found a staircase to the Depths.
 16496 | Lair:1   | Entered Level 1 of the Lair of Beasts
 16741 | Lair:1   | Identified the +1 whip of Deedghame {venom, *Rage rElec
                  | rPois Str+5}
 16928 | Lair:1   | Reached ***** piety under Beogh
 16999 | Lair:1   | Reached skill level 19 in Axes
 18005 | Lair:2   | Found a transporter.
 18010 | Lair:2   | Noticed Faocaxoob's ghost (journeyman MiBe)
 18051 | Lair:2   | Found a transporter.
 18252 | Lair:3   | Noticed Sonja
 18259 | Lair:3   | Killed Sonja
 18272 | Lair:3   | Found a staircase to the Snake Pit.
 18274 | Lair:3   | Gained Harm as an ally
 18356 | Lair:3   | Found a staircase to the Swamp.
 19962 | Lair:4   | Found a runed translucent door.
 19963 | Lair:4   | Found a viscous altar of Jiyva.
 19970 | Lair:4   | Found a staircase to the Slime Pits.
 20368 | Lair:4   | Noticed an acid blob
 20387 | Lair:5   | Entered Level 5 of the Lair of Beasts
 20462 | Lair:5   | Reached skill level 20 in Axes
 20476 | Lair:5   | Reached ****** piety under Beogh
 20477 | Lair:5   | Reached XP level 15. HP: 132/149 MP: 28/28
 20634 | Lair:5   | Identified the +2 robe of Dizu Rom {Harm Will- rCorr}
 22137 | Lair:5   | Reached skill level 21 in Axes
 22714 | Lair:2   | Killed Faocaxoob's ghost
 22716 | Lair:2   | Identified the +0 helmet of Bad Feelings {rCorr SInv}
 22975 | D:6      | Bought the ring "Ojaog" {rCorr Int-3 Dex+6 Slay+4} for 709
                  | gold pieces
 23048 | Orc:1    | Entered Level 1 of the Orcish Mines
 23059 | Orc:1    | Found an ornate altar of the Wu Jian Council.
 23060 | Orc:1    | Found a transporter.
 23075 | Orc:1    | Gained Grimold as an ally
 23102 | Orc:1    | Found Eclahu's Assorted Antiques.
 23107 | Orc:1    | Your ally Grimold died
 23131 | Orc:1    | Found a transporter.
 23151 | Orc:1    | Found a transporter.
 23152 | Orc:1    | Found an ornate altar of the Wu Jian Council.
 23152 | Orc:1    | Noticed an orc warlord
 23322 | Orc:1    | Found a transporter.
 23423 | Orc:2    | Entered Level 2 of the Orcish Mines
 23423 | Orc:2    | Found Hiewanare's Distillery.
 23494 | Orc:2    | Found Xaaqoc's Jewellery Shoppe.
 23495 | Orc:2    | Noticed Josephine
 23508 | Orc:2    | Killed Josephine
 23508 | Orc:2    | Gained Berold as an ally
 23654 | Orc:2    | Noticed Rupert
 23667 | Orc:2    | Killed Rupert
 23775 | Orc:2    | Gained Blodwig as an ally
 24003 | Orc:2    | Your ally Blodwig died
 24070 | Orc:2    | Found Xiuzxoimm's Assorted Antiques.
 24077 | Orc:2    | Bought 2 scrolls labelled NEITIM VUFAMAMN for 56 gold
                  | pieces
 24101 | Orc:2    | Found Hainarre's Armour Shoppe.
 24223 | Orc:2    | Found a staircase to the Elven Halls.
 24361 | Orc:2    | Noticed an orc warlord
 24372 | Orc:2    | Found Cufiejil's Antique Weapon Shoppe.
 24455 | Orc:2    | Bought an executioner's axe for 270 gold pieces
 24469 | Orc:2    | Found Abyhopry's Book Boutique.
 24469 | Orc:2    | Noticed an orc warlord
 24470 | Orc:2    | Found a roughly hewn altar of Beogh.
 24477 | Orc:2    | Reached XP level 16. HP: 126/161 MP: 29/29
 24481 | Orc:2    | Found Vicur's Jewellery Boutique.
 24723 | Orc:2    | Found Halongou's Antique Armour Shop.
 24761 | Orc:2    | Bought an encrusted helmet for 294 gold pieces
 24761 | Orc:2    | Identified the +2 helmet of Xyss {*Corrode rN+ Will++
                  | Dex+2} (You bought it in a shop on level 2 of the Orcish
                  | Mines)
 24876 | Orc:1    | Gained Beowulf as an ally
 25081 | Swamp:1  | Entered Level 1 of the Swamp
 25095 | Swamp:1  | Gained Harm as an ally
 25102 | Swamp:1  | Found a frozen archway.
 25114 | Swamp:1  | Your ally Harm died
 25146 | IceCv    | Entered an ice cave
 25167 | IceCv    | Slain by a white very ugly thing

Illustrated notes

Levels and vault maps discovered:
D:1:      onia_arrival_mini_spirals, layout_basic
D:2:      layout_loops_ring, shapermc_ecumenical_altar_starsandcircs
D:3:      layout_rooms, nicolae_vehumet_radiance, serial_shops,
          nicolae_diamond_shop
D:4:      layout_rooms, hangedman_abyss_or_decor_stabs, grunt_ministairs_5
D:5:      layout_cave_pods, chequers_temple_overflow_minitemple,
          patterned_corridor, uniq_edmund
D:6:      layout_basic, serial_shops, shop, uniq_crazy_yiuf_cottage
D:7:      layout_gridville, minmay_temple_entry_hall,
          hellmonk_guarded_unrand_vines
D:8:      layout_rooms
D:9:      layout_loops_corners, dpeg_lair_monsters, orc_david_3,
          kennysheep_generic_room_15
D:10:     layout_long_grid, serial_shops, nicolae_shop_bloodbath_and_beyond
D:11:     layout_irregular_city, serial_bayou, serial_bayou_shore_b,
          serial_bayou_pond_a, serial_bayou_pond_a, serial_bayou_pond_a,
          serial_bayou_lake_a
D:12:     layout_grid_maze, serial_shops, shop_fountains, gammafunk_ghost_ooze
D:13:     layout_basic, serial_shops, nicolae_shop_behind_doors
D:14:     layout_cave_pods, grunt_vaults_entry_fortified,
          minmay_strange_pillars, kennysheep_donut
D:15:     grunt_enter_depths_magical_seal, layout_rooms
Temple:   hc_temple_tempest_star
Lair:1:   layout_regular_city
Lair:2:   layout_loops_ring, gammafunk_ghost_berserking_beasts,
          infiniplex_staircase_pool, grunt_megastairs_4, lemuel_fruit_fields
Lair:3:   layout_hall_layers, minmay_swamp_entry_worms,
          guppyfry_snake_entry_garden, wad_woods_02, uniq_sonja
Lair:4:   layout_cave_pods, slime_entry_2, st_stairs_3, grunt_megastairs_1
Lair:5:   due_jungle_book, layout_gridlike, minmay_lair_drake_nest,
          grunt_megastairs_3, lemuel_fruit_tree
Swamp:1:  layout_falls_marsh, portal_ice_cave_entry_ugly_swarm,
          evilmike_swamp_ruin_house_5
Orc:1:    dreamdust_wu_jian_sword_trials, layout_caves, serial_shops, shop
Orc:2:    hellmonk_orc_salted, layout_diamond_mine, serial_shops, shop,
          shop_fountains, nicolae_lakefront_shop, nicolae_shop_window_shopping,
          uniq_josephine, uniq_rupert
IceCv:    ice_cave_statue_garden_transporter

Skill      XL: |  1  2  3  4  5  6  7  8  9 10 11 12 13 14 15 16 |
---------------+-------------------------------------------------+-----
Armour         | 1 2 3 4 5 6 7 8 10 11 12 13 | 13.2
Fighting       | 4 5 6 7 8 9 10 11 12 13 14 | 14.7
Axes           | 5 6 7 9 10 12 13 15 16 18 20 21 | 21.7
Invocations    | 4 7 10 12 14 16 18 19 20 | 20.0
Dodging        | |  2.4
Stealth        | |  1.5

Action                   |  1- 3 |  4- 6 |  7- 9 | 10-12 | 13-15 | 16-18 || total
-------------------------+-------+-------+-------+-------+-------+-------++-------
Melee: Hand axe          |   127 |       |       |       |       |       ||   127
       Punch             |     1 |     1 |     3 |    13 |     2 |       ||    20
       War axe           |       |   124 |   220 |   450 |   382 |       ||  1176
       Battleaxe         |       |       |       |       |   336 |    17 ||   353
       Executioner's axe |       |       |       |       |       |    35 ||    35
Invok: Convert to Beogh  |       |     1 |       |       |       |       ||     1
       Smiting           |       |       |    13 |     6 |     1 |     2 ||    22
       Recall Orcish Fol |       |       |       |       |     5 |       ||     5
       Give Item to Name |       |       |       |       |     2 |       ||     2
Evoke: Wand              |       |       |       |       |    36 |       ||    36
  Use: Scroll            |       |    15 |     7 |    10 |     7 |     7 ||    46
       Potion            |       |     1 |     3 |     2 |     5 |     8 ||    19
 Stab: Sleeping          |     5 |       |       |     3 |     3 |       ||    11
       Invisible         |       |       |       |    15 |       |       ||    15
       Distracted        |       |       |       |     1 |     9 |       ||    10
       Confused          |       |       |       |       |     2 |       ||     2
       Petrifying        |       |       |       |       |     1 |       ||     1
Armor: Robe              |    19 |       |       |    11 |       |       ||    30
       Chain mail        |    34 |    81 |   148 |    70 |       |       ||   333
       Ring mail         |       |       |       |   108 |   272 |    24 ||   404
Dodge: Dodged            |    79 |    54 |    99 |   238 |   371 |    29 ||   870

Table legend: (Time is in decaauts)
 A = Elapsed time spent in this place.
 B = Non-inter-level travel time spent in this place.
 C = Inter-level travel time spent in this place.
 D = Time resting spent in this place.
 E = Time spent auto-exploring this place.
 F = Levels seen in this place.
 G = Mean time per level.
                   A        B        C        D        E       F      G
               +--------+--------+--------+--------+--------+-----+--------+
         Total |  24971 |  23182 |   1789 |   1491 |  17964 |  25 |  998.8 |
       Dungeon |  16310 |  14988 |   1322 |   1273 |  11212 |  15 | 1087.3 |
        Temple |    509 |    488 |     21 |    218 |    241 |   1 |  509.0 |
          Lair |   6154 |   5874 |    280 |      0 |   5060 |   5 | 1230.8 |
         Swamp |     60 |     50 |     10 |      0 |      0 |   1 |   60.0 |
  Orcish Mines |   1923 |   1768 |    155 |      0 |   1451 |   2 |  961.5 |
      Ice Cave |     12 |     12 |      0 |      0 |      0 |   1 |   12.0 |
               +--------+--------+--------+--------+--------+-----+--------+

Top non-repeatable levels by time:
    D:14: 2415 daAuts
  Lair:5: 2070 daAuts
     D:9: 1578 daAuts
   Orc:2: 1468 daAuts
    D:12: 1400 daAuts
     D:6: 1325 daAuts
    D:15: 1280 daAuts
    D:13: 1176 daAuts
  Lair:3: 1150 daAuts
    D:11: 1133 daAuts
     D:5: 1073 daAuts
  Lair:4: 1072 daAuts
  Lair:2: 1014 daAuts
  Lair:1: 846 daAuts
     D:2: 790 daAuts
